 Dungeon Crawl Stone Soup version 0.24.0-13-gcf9b319 (webtiles) character file.

Game seed: 3626836667877564111, levelgen mode: deterministic

14743 shmeve the Blocker (level 11, -1/102 HPs)
             Began as a Minotaur Berserker on Apr 13, 2020.
             Was a High Priest of Trog.
             Slain by an orc warrior
             ... wielding a +0 dire flail
              (3 damage)
             ... on level 12 of the Dungeon.
             The game lasted 00:21:15 (10432 turns).

shmeve the Blocker (Minotaur Berserker)            Turns: 10432, Time: 00:21:16

Health: -1/102     AC: 13    Str: 23    XL:     11   Next: 92%
Magic:  0/10       EV: 10    Int:  5    God:    Trog [*****.]
Gold:   542        SH: 19    Dex: 15    Spells: 10/10 levels left

rFire    . . .     SeeInvis .   f - +0 broad axe
rCold    . . .     Gourm    .   m - +0 large shield
rNeg     . . .     Faith    .   I - +3 chain mail
rPois    +         Spirit   +   (helmet restricted)
rElec    .         Reflect  .   (no cloak)
rCorr    .         Harm     .   (no gloves)
MR       ++...                  (no boots)
Stlth    ..........             a - amulet of guardian spirit
HPRegen  1.27/turn              p - +4 ring of dexterity
MPRegen  0.12/turn              G - ring of poison resistance

@: lethally poisoned (-1 -> -2), berserk cooldown, regenerating, slowed, very
slow
A: retaliatory headbutt, horns 2
a: Berserk, Trog's Hand, Brothers in Arms, Renounce Religion


You were on level 12 of the Dungeon.
You worshipped Trog.
Trog was extremely pleased with you.
You were very hungry.

You visited 1 branch of the dungeon, and saw 12 of its levels.

You collected 542 gold pieces.

Inventory:

Hand Weapons
 f - a +0 broad axe (weapon)
Missiles
 g - 10 silver javelins
 B - 2 javelins
 F - 3 boomerangs (quivered)
Armour
 m - a +0 large shield (worn)
 I - a +3 chain mail (worn)
Jewellery
 a - an amulet of guardian spirit (around neck)
 p - a +4 ring of dexterity (left hand)
 G - a ring of poison resistance (right hand)
Wands
 C - a wand of digging (6)
Scrolls
 b - 10 scrolls of remove curse
 d - 3 scrolls of enchant weapon {unknown}
 h - 4 scrolls of identify
 j - 9 scrolls of teleportation {unknown}
 r - 3 scrolls of immolation {unknown}
 s - 3 scrolls of fear {unknown}
 u - 4 scrolls of enchant armour {unknown}
 w - a scroll of fog {unknown}
 x - 4 scrolls of random uselessness {unknown}
 D - a scroll of torment {unknown}
 H - a scroll of noise {unknown}
 K - 2 scrolls of magic mapping {unknown}
Potions
 e - 3 potions of might {unknown}
 i - 6 potions of curing
 k - a potion of magic {unknown}
 l - 2 potions of mutation {unknown}
 n - 2 potions of flight {unknown}
 o - 2 potions of haste {unknown}
 q - a potion of agility {unknown}
 E - a potion of ambrosia {unknown}
 J - a potion of brilliance {unknown}
Comestibles
 c - 22 rations
 t - 2 chunks of flesh


   Skills:
 * Level 11.2 Fighting
 * Level 11.2 Axes
 + Level 6.2 Throwing
 + Level 7.9 Armour
 + Level 7.3 Dodging
 * Level 11.7 Shields


You had 10 spell levels left.
You didn't know any spells.
Your spell library was empty.

Dungeon Overview and Level Annotations

Branches:
Dungeon (12/15)            Temple (0/1) D:4            Lair (0/6) D:9
    Orc: D:9-12

Altars:
Gozag
Makhleb
Okawaru
Sif Muna
Trog
Uskayaw
Xom
The Shining One

Shops:
D:10 *


Innate Abilities, Weirdness & Mutations

You reflexively headbutt those who attack you in melee.
You have a pair of horns on your head.


Message History

The black bear claws you.
* * * LOW HITPOINT WARNING * * *
Your two-headed ogre hits the gnoll with a +0 giant club!
The gnoll dies!
Trog accepts your kill.
Your skin crawls.
You feel resistant to hostile enchantments.
You feel somewhat more hungry.
You block the meliai zombie's attack. x2
The orc wizard casts a spell.
The orc wizard flickers and vanishes!
Deactivating autopickup; reactivate with Ctrl-A.
The orc wizard misses you. You block the kobold's attack.
The gnoll hits you but does no damage. The meliai zombie hits you!
* * * LOW HITPOINT WARNING * * *
You block the meliai zombie's attack.
An orc comes into view.
The orc wizard hits you but does no damage.
You are poisoned.
The orc warrior hits you with a +0 dire flail.
You die...

. ######## ..# ##
.......# ..#... ######.#
#######..#.## #.#
#............
#.#####...†o......#
#.#..C....K.......#
#...###.KKZoog.....
.#####÷.###..{K@)O..#
........o...K.hho..)T.>#
..#####..#######...###o#
#..# #####|# #..# #+#
#..# ...# ##.# #.#


You could see a cyclops, a troll, an orc warrior, a black bear, a big kobold, a
hound, 2 orc wizards, a gnoll, 2 orcs, a meliai zombie, 4 kobolds and a friendly
two-headed ogre (berserk).

Vanquished Creatures
  Frances (D:12)
  The ghost of silenth the Carver, a journeyman OpFi of Trog (D:11)
  2 two-headed ogres (D:8)
  A dancing weapon (D:11)
  An unseen horror (D:10)
  A deep elf mage (D:10)
  A cyclops (D:12)
  2 trolls
  Grinder (D:3)
  A hippogriff (D:7)
  A spriggan (D:9)
  A wraith (D:10)
  Sigmund (D:3)
  4 yaks (D:10)
  2 wyverns (D:9)
  3 water moccasins
  An ice beast (D:5)
  4 orc warriors
  2 black bears
  2 phantoms
  4 sky beasts
  An eye of draining (D:11)
  A necrophage (D:10)
  5 ogres
  3 centaurs
  5 bullfrogs
  A big kobold (D:8)
  6 scorpions
  18 killer bees
  12 wights
  2 howler monkeys
  5 crimson imps
  3 centaur zombies
  A quasit (D:8)
  2 bullfrog zombies
  6 hounds
  12 orc wizards
  9 orc priests
  4 bullfrog skeletons
  4 centaur skeletons
  5 jellies
  3 iguanas
  8 worker ants
  17 adders
  4 gnolls (D:4)
  A shadow imp (D:8)
  5 oozes
  2 adder zombies
  2 adder skeletons
  A worm (D:3)
  3 dart slugs
  11 leopard geckos
  60 orcs
  8 bats
  8 giant cockroaches
  7 goblins
  6 hobgoblins
  8 jackals
  7 quokkas
  A ball python (D:3)
  4 frilled lizards
  10 kobolds
  5 rats
323 creatures vanquished.

Vanquished Creatures (collateral kills)
  A hungry ghost (D:12)
  An orc warrior (D:12)
  A big kobold (D:12)
  A gnoll sergeant (D:12)
  An adder (D:12)
  A gnoll (D:12)
  An orc (D:12)
7 creatures vanquished.

Grand Total: 330 creatures vanquished

Notes
Turn   | Place    | Note
-------+----------+-------------------------------------------
     0 | D:1      | shmeve the Minotaur Berserker began the quest for the Orb.
     0 | D:1      | Reached XP level 1. HP: 19/19 MP: 0/0
    14 | D:1      | Reached XP level 2. HP: 27/27 MP: 1/1
   432 | D:2      | Reached XP level 3. HP: 33/33 MP: 2/2
   521 | D:2      | Reached ** piety under Trog
   656 | D:2      | Reached skill level 1 in Throwing
   699 | D:2      | Found a glowing golden altar of the Shining One.
   959 | D:2      | Reached XP level 4. HP: 41/41 MP: 3/3
  1028 | D:2      | Reached skill level 1 in Shields
  1070 | D:2      | Found an iron altar of Okawaru.
  1528 | D:3      | Noticed Grinder
  1547 | D:3      | Killed Grinder
  1547 | D:3      | Reached *** piety under Trog
  1547 | D:3      | Reached skill level 5 in Shields
  1547 | D:3      | Reached XP level 5. HP: 44/47 MP: 4/4
  1547 | D:3      | Reached XP level 6. HP: 50/53 MP: 5/5
  1871 | D:3      | Found an opulent altar of Gozag.
  1872 | D:3      | Found a burning altar of Makhleb.
  1873 | D:3      | Found a shimmering blue altar of Sif Muna.
  2175 | D:3      | Noticed Sigmund
  2185 | D:3      | Killed Sigmund
  2185 | D:3      | Reached skill level 5 in Fighting
  2185 | D:3      | Reached skill level 5 in Axes
  2185 | D:3      | Reached XP level 7. HP: 61/61 MP: 4/6
  2501 | D:4      | Found a staircase to the Ecumenical Temple.
  2712 | D:4      | Reached **** piety under Trog
  3109 | D:5      | Entered Level 5 of the Dungeon
  3273 | D:5      | Reached XP level 8. HP: 68/70 MP: 7/7
  4001 | D:6      | Received a gift from Trog
  4583 | D:7      | Received a gift from Trog
  4583 | D:7      | Reached XP level 9. HP: 68/79 MP: 6/8
  4680 | D:7      | Reached skill level 5 in Armour
  4681 | D:7      | Found a bloodstained altar of Trog.
  4833 | D:7      | Reached ***** piety under Trog
  5191 | D:7      | Reached skill level 5 in Dodging
  5372 | D:7      | Found a burning altar of Makhleb.
  5372 | D:7      | Noticed a cacodemon
  5689 | D:8      | Received a gift from Trog
  5714 | D:8      | Found a hide-covered altar of Uskayaw.
  5864 | D:8      | Noticed a two-headed ogre
  5870 | D:8      | Killed a two-headed ogre
  5870 | D:8      | Reached XP level 10. HP: 90/90 MP: 9/9
  6389 | D:8      | Noticed a two-headed ogre
  6400 | D:8      | Killed a two-headed ogre
  7181 | D:9      | Found a staircase to the Lair.
  7339 | D:9      | Reached skill level 10 in Shields
  7955 | D:9      | Reached skill level 5 in Throwing
  8060 | D:10     | Entered Level 10 of the Dungeon
  8487 | D:10     | Killed an unseen horror
  8487 | D:10     | Reached skill level 10 in Axes
  8487 | D:10     | Reached XP level 11. HP: 95/99 MP: 8/10
  8508 | D:10     | Reached skill level 10 in Fighting
  8572 | D:10     | Received a gift from Trog
  8605 | D:10     | Found Wicay's General Store.
  8926 | D:10     | Noticed a deep elf mage
  8939 | D:10     | Killed a deep elf mage
  9719 | D:11     | Found a runed translucent door.
  9719 | D:11     | Found a shimmering altar of Xom.
  9719 | D:11     | Noticed silenth's ghost (journeyman OpFi)
  9719 | D:11     | Noticed a +0 halberd of chaos
  9737 | D:11     | Killed a +0 halberd of chaos
  9748 | D:11     | Killed silenth's ghost
  9752 | D:11     | Got a glittering tin ring
 10359 | D:12     | Identified the ring of the Circus Animal {-Tele +Inv rPois
                  | rC+ rN+} (You found it on level 11 of the Dungeon)
 10401 | D:12     | Noticed Frances
 10410 | D:12     | Noticed a soul eater
 10415 | D:12     | Killed Frances
 10432 | D:12     | HP: 2/102 [meliai zombie (8)]
 10432 | D:12     | Slain by an orc warrior

Levels and vault maps discovered:
D:1:      onia_arrival_pentagram, layout_rooms
D:2:      layout_loops_corners, lemuel_coloured_pillars_altar,
          minmay_misc_feat_enclosed, okawaru_trees_1
D:3:      layout_loops_ring, chequers_temple_overflow_statue_of_worship,
          first_ration, uniq_grinder, uniq_sigmund
D:4:      layout_rooms, minmay_temple_entry_offerings
D:5:      layout_cave_pools
D:6:      layout_cave_pods
D:7:      layout_loops_ring, nicolae_overflow_crystal_walls,
          makhleb_altar_promises_db
D:8:      mumra_celtic_spiral_tile, layout_cave_pools, basic_altar
D:9:      layout_loops_corners, lair_entry_dummy, the_bakery
D:10:     cheibrodos_iron_armory, layout_rooms, serial_shops,
          nicolae_shop_competitors_out_of_business, minmay_misc_feat_columns
D:11:     layout_loops_ring, ebering_ghost_xom
D:12:     minmay_clustersquares, layout_basic,
          kennysheep_orc_monster_closet_entryway, lemuel_blue_sif_altar,
          uniq_nergalle, uniq_jorgrun, uniq_frances

Skill      XL: |  1  2  3  4  5  6  7  8  9 10 11 |
---------------+----------------------------------+-----
Axes           | 4 5 7 8 10 11 | 11.2
Fighting       | 4 5 7 8 9 11 | 11.2
Throwing       | 1 2 3 4 5 6 |  6.2
Armour         | 3 4 6 7 |  7.9
Shields        | 5 6 8 9 10 11 | 11.7
Dodging        | 3 4 5 6 7 |  7.3

Action                   |  1- 3 |  4- 6 |  7- 9 | 10-12 || total
-------------------------+-------+-------+-------+-------++-------
Melee: Hand axe          |    63 |    85 |       |       ||   148
       Headbutt          |    14 |    18 |    79 |    94 ||   205
       War axe           |       |    54 |    80 |       ||   134
       Broad axe         |       |       |   247 |   358 ||   605
       Unarmed           |       |       |       |    32 ||    32
Throw: Boomerang         |       |       |    11 |    78 ||    89
       Javelin           |       |       |     1 |       ||     1
Invok: Berserk           |     1 |     2 |     2 |     4 ||     9
       Trog's Hand       |       |     1 |     1 |     6 ||     8
       Brothers in Arms  |       |       |       |     1 ||     1
  Use: Scroll            |       |     4 |       |     5 ||     9
       Potion            |       |       |       |     4 ||     4
  Eat: Chunk             |     1 |     5 |    16 |    15 ||    37
       Ration            |       |       |       |     2 ||     2
Armor: Chain mail        |    41 |    51 |    48 |    49 ||   189
       Animal skin       |     3 |       |       |       ||     3
       Plate armour      |       |       |    99 |   143 ||   242
Dodge: Dodged            |    40 |    33 |    39 |   143 ||   255
Block: Large shield      |       |    72 |   318 |   402 ||   792
